Unix NetHack Version 5.0.0-0 post-release - last build Jun 10 2026 00:39:30 (3ee93aec679c4c4259841fe613dc97188e26a321,branch:main).

Game began 2026-06-20 22:27:34, ended 2026-06-20 23:24:50.

DeathOnAStick, neutral male human Wizard

                                ---
                               |...|
                               |...|
                               |.*.|.|
                             ---.---.|
                             |.......|
                             |----.|.| -----------
                            .|.....|.. |.........|
                         ..-.|.---.----|.........|
                        ....^..| |.).[.)..+.%*...|
                       -.......- ------|+........|
                       ..[@......      |.......*.|
                       ....---.-       -----------
                        ...   +
                         .*-

DeathOnAStick the Thaumaturge  St:14 Dx:16 Co:17 In:16 Wi:13 Ch:10  Neutral S:10338
Dlvl:11 $:914 HP:0(65) Pw:88(88) AC:-7 Xp:8/1730 T:4833 

Latest messages:
 The vampire bat just misses!
 The vampire bat misses!
 The vampire bat misses!
 What do you want to wield? [- adg or ?*] a
 You are already wielding that!
 You hit the vampire bat!
 The vampire bat turns to flee.
 You hit the vampire bat!
 A board beneath the dwarf king squeaks an F note loudly.
 You hit the dwarf king!
 What do you want to use or apply? [cdgnvxCELMYZ or ?*] v
 In what direction? k
 The dwarf king is blinded by the flash!
 The dwarf king turns to flee.
 The dwarf king swings his broad pick.
 The dwarf king hits!
 The dwarf king swings his broad pick.
 The dwarf king misses!
 You see here a scroll of scare monster.
 Fido2 turns to flee.
 The human mummy turns to flee.
 What do you want to wield? [- adg or ?*] a
 You are already wielding that!
 You hit the dwarf king!
 The freezing sphere turns to flee.
 You hit the dwarf king!
 Fido2 turns to flee.
 You hit the dwarf king.
 You kill the dwarf king!
 The gnome mummy turns to flee.
 You hit the gnome mummy!
 A board beneath the gnome mummy squeaks an F note loudly.
 What do you want to wield? [- adg or ?*] a
 You are already wielding that!
 The gnome mummy turns to flee.
 You hit the gnome mummy!
 Fido2 turns to flee.
 The gas spore turns to flee.
 You kill the gas spore!
 Boom!
 Fido2 is caught in the gas spore's explosion!
 You kill poor Fido2!
 You hear the rumble of distant thunder...
 You are caught in the gas spore's explosion!
 It is fatal.
 Do you want your possessions identified? [ynq] (y) y
 Do you want to see your attributes? [ynq] (y) y
 Do you want an account of creatures vanquished? [ynaq] (y) y
 Do you want to see your conduct and achievements? [ynq] (y) y
 Do you want to see the dungeon overview? [ynq] (y) y

Inventory:
 Coins    ('$')
  $ - 914 gold pieces
 Weapons  (')')
  a - a blessed burnt +3 quarterstaff (weapon in hands)
 Armor    ('[')
  t - an uncursed +4 dwarvish iron helm (being worn)
  J - an uncursed +0 pair of iron shoes (being worn)
  b - an uncursed +2 cloak of magic resistance (being worn)
  u - an uncursed +0 dwarvish mithril-coat (being worn)
 Comestibles  ('%')
  P - an uncursed apple
  e - 2 uncursed food rations
  X - an uncursed pear
  w - an uncursed tripe ration
 Scrolls  ('?')
  F - a cursed scroll of identify
  N - an uncursed scroll of light
  K - an uncursed scroll of taming
 Spellbooks  ('+')
  L - an uncursed spellbook of detect food
 Rings    ('=')
  O - an uncursed +1 ring of protection
 Wands    ('/')
  c - a wand of slow monster (0:7)
  E - a wand of striking (0:8)
  M - a wand of striking (0:3)
  C - a wand of undead turning (0:2)
 Tools    ('(')
  v - an expensive camera (0:67)
  n - a magic marker (0:20)
  Y - an uncursed oil lamp (lit)
  Z - a cursed oil lamp
  d - a +0 pick-axe
  x - an uncursed skeleton key
  g - a +0 unicorn horn

DeathOnAStick the Wizard's attributes:

Background:
 You were a Thaumaturge, a level 8 male human Wizard.
 You were neutral, on a mission for Thoth
 who was opposed by Ptah (lawful) and Anhur (chaotic).
 You were right-handed.
 You were in the Gnomish Mines, on level 11.
 You entered the dungeon 4833 turns ago.
 It was nighttime.
 You had 1730 experience points, 830 more were needed to attain level 9.
 Your score was 10338 before end-of-game adjustments.

Basics:
 You had 0 out of 65 hit points.
 You had all 88 energy points (spell power).
 Your armor class was -7.
 Your wallet contained 914 zorkmids.
 Autopickup was off.

Final Characteristics:
 Your strength was 14 (limit:18/100).
 Your dexterity was 16 (limit:18).
 Your constitution was 17 (limit:18).
 Your intelligence was 16 (limit:18).
 Your wisdom was 13 (limit:18).
 Your charisma was 10 (limit:18).

Final Status:
 You weren't hungry.
 You were unencumbered.
 You were wielding a quarterstaff.
 You were skilled in quarterstaff.

Final Attributes:
 You were fervently aligned.
 You were magic-protected.
 You were poison resistant.
 You were telepathic.
 You were guarded.
 Your spell casting was impaired by metallic armor.
 You were unlucky.
 You are dead.

Miscellaneous:
 You didn't encounter any bones levels.
 Total elapsed playing time was 57 minutes and 15 seconds.

Major events:
 Turn
    1: DeathOnAStick the neutral male human Wizard entered the dungeon
  609: attained the rank of Conjurer (level 3)
 1075: entered the Gnomish Mines
 2175: reached Mine Town
 2197: attained the rank of Thaumaturge (level 6)
 4833: killed by a gas spore's explosion

Spells:
 Name                 Level Category     Fail Retention
 force bolt             1   attack        71%    (gone)
 extra healing          3   healing      100%    (gone)

Skills:
 Fighting Skills
   bare handed combat [Unskilled]
   riding             [Unskilled]
 Weapon Skills
   dagger             [Unskilled]
   knife              [Unskilled]
   axe                [Unskilled]
   short sword        [Unskilled]
   club               [Unskilled]
   mace               [Unskilled]
   quarterstaff       [Skilled]
   polearms           [Unskilled]
   spear              [Unskilled]
   trident            [Unskilled]
   sling              [Unskilled]
   dart               [Unskilled]
   shuriken           [Unskilled]
 Spellcasting Skills
   attack spells      [Basic]
   healing spells     [Unskilled]
   divination spells  [Unskilled]
   enchantment spells [Basic]
   clerical spells    [Unskilled]
   escape spells      [Unskilled]
   matter spells      [Unskilled]

Voluntary challenges:
 Character rerolling was not enabled.
 You never genocided any monsters.
 You never polymorphed an object.
 You never changed form.
 You used no wishes.
Achievements:
 You attained the rank of Conjurer.
 You entered a shop.
 You entered the Gnomish Mines.
 You entered Minetown.
 You attained the rank of Thaumaturge.
 You entered a temple.

 The Dungeons of Doom: levels 1 to 4
    Level 1:
       A fountain.
    Level 2:
       A fountain.
    Level 3:
       A general store, an altar, some fountains.
       Stairs down to The Gnomish Mines.
    Level 4:
 The Gnomish Mines: levels 4 to 11
    Level 4:
    Level 5:
    Level 6:
    Level 7:
       Many shops, a temple and an altar, some fountains.
    Level 8:
    Level 9:
    Level 10:
    Level 11: <- You were here.
       Final resting place for
          you, killed by a gas spore's explosion.


Vanquished creatures:
  a vampire
  a large mimic
  a stalker
 an earth elemental
  a small mimic
  2 ettin mummies
 an ogre leader
  a large dog
  a shocking sphere
  a dwarf ruler
  a leocrotta
 an elf mummy
  a quivering blob
  4 wolves
  a giant spider
 an ice vortex
  2 lizards
  2 dwarf leaders
  a white unicorn
  a gnome mummy
  a snake
  2 human zombies
  a violet fungus
 10 gnome leaders
  5 gnomish wizards
  a gray ooze
 an elf zombie
  a ghoul
  2 floating eyes
  a kitten
 15 dwarves
  a homunculus
  a giant bat
  a werejackal
 an acid blob
  2 gas spores
  a hobbit
  3 giant rats
  a cave spider
  a yellow mold
  a green mold
  a red mold
 37 gnomes
  a gecko
  4 jackals
  a kobold
  3 goblins
  3 sewer rats
  a bat
  3 lichens
  6 newts
139 creatures vanquished.

No species were genocided or became extinct.

Game over:
                       ----------
                      /          \
                     /    REST    \
                    /      IN      \
                   /     PEACE      \
                  /                  \
                  |  DeathOnAStick   |
                  |      914 Au      |
                  | killed by a gas  |
                  |     spore's      |
                  |    explosion     |
                  |                  |
                  |       2026       |
                 *|     *  *  *      | *
        _________)/\\_//(\/(/\)/\//\/|_)_______

Goodbye DeathOnAStick the Wizard...

You died in The Gnomish Mines on dungeon level 11 with 10247 points,
and 914 pieces of gold, after 4833 moves.
You were level 8 with a maximum of 65 hit points when you died.

